[Event "Titled Tuesday Blitz July 4 Early 2023"]
[White "Vlassov, Nikolai"]
[Black "Barbot, Pierre"]
[WhiteFideId "4103360"]
[BlackFideId "663727"]
[WhiteElo "2598"]
[BlackElo "2363"]
[Result "0-1"]
[Round "7"]
[TimeControl "180+2"]
[Date "2023.07.04"]
[WhiteClock "0:00:11"]
[BlackClock "0:00:17"]
[Board "143"]

1. e4 c5 2. c3 Nf6 3. e5 Nd5 4. d4 Nc6 5. c4 Ndb4 6. a3 Na6 7. dxc5 Nxc5 8. b4 Ne6 9. Nf3 Qc7 10. Bb2 g6 11. b5 Na5 12. Nbd2 b6 13. Bd3 Bg7 14. O-O O-O 15. Rc1 Nb7 16. Re1 Nbc5 17. Bf1 Bb7 18. a4 Rfd8 19. Qc2 Rac8 20. Bc3 d6 21. exd6 Rxd6 22. Bxg7 Kxg7 23. Ra1 Rcd8 24. a5 Nf4 25. axb6 axb6 26. Re3 f6 27. g3 Nfd3 28. Bxd3 Nxd3 29. Ne4 R6d7 30. Rd1 Nc5 31. Rxd7 Rxd7 32. Nxc5 Qxc5 33. Qc3 e5 34. h4 Rd1+ 35. Kh2 Qd6 36. Nxe5 fxe5 37. Qxe5+ Qxe5 38. Rxe5 Kf6 39. f4 Rh1# 0-1


[Site "https://www.chess.com"]

[Event "Titled Tuesday Blitz July 4 Early 2023"]
[White "Czerw, Dawid"]
[Black "Adireddy Arjun"]
[WhiteFideId "1145746"]
[BlackFideId "25647709"]
[WhiteElo "2576"]
[BlackElo "2362"]
[Result "1/2-1/2"]
[Round "7"]
[TimeControl "180+2"]
[Date "2023.07.04"]
[WhiteClock "0:00:06"]
[BlackClock "0:00:05"]
[Board "144"]

1. e4 c5 2. Nf3 Nc6 3. d4 cxd4 4. Nxd4 e6 5. Nc3 Qc7 6. Be3 Nf6 7. Qd2 Bb4 8. f3 Nxd4 9. Bxd4 e5 10. Bf2 Bxc3 11. bxc3 d6 12. Rd1 Be6 13. Bb5+ Bd7 14. Be2 Be6 15. Qxd6 Qxd6 16. Rxd6 Rc8 17. Bxa7 Rxc3 18. Kd2 Rc7 19. Bb6 Rc8 20. Bb5+ Ke7 21. Rd3 Bxa2 22. Ra1 Bc4 23. Bxc4 Rxc4 24. Ra7 Rb8 25. Rb3 Nd7 26. Be3 Rc7 27. c3 Ke6 28. g3 g6 29. f4 f6 30. g4 exf4 31. Bxf4 Ne5 32. Rb6+ Rc6 33. Rbxb7 Rxb7 34. Rxb7 Nxg4 35. Rxh7 Nf2 36. Ke3 Nd1+ 37. Kd4 Nxc3 38. Rg7 Ne2+ 39. Ke3 Nxf4 40. Kxf4 g5+ 41. Kg4 Rc4 42. Kf3 Rc3+ 43. Kf2 Rh3 44. Kg2 Re3 45. Rg8 Rxe4 46. Re8+ Kf5 47. Ra8 Rg4+ 48. Kf3 Rf4+ 49. Kg3 Rg4+ 50. Kf3 Rb4 51. Kg3 Rb3+ 52. Kg2 Kg4 53. Ra4+ Kh5 54. Ra8 f5 55. h3 Kg6 56. Ra6+ Kh5 57. Ra8 Rb2+ 58. Kg3 Rc2 59. Rh8+ Kg6 60. Rg8+ Kf6 61. Rf8+ Ke6 62. Re8+ Kf7 63. Ra8 Rc3+ 64. Kg2 f4 65. Kh2 Rc2+ 66. Kg1 Kg6 67. Rg8+ Kf5 68. Rf8+ Ke4 69. Rg8 Kf3 70. Rxg5 Rc1+ 71. Kh2 Ke3 72. Ra5 f3 73. Ra3+ Ke2 74. Ra2+ Kd3 75. Kg3 Ke3 76. Ra3+ Ke4 77. Ra4+ Kf5 78. Rf4+ Kg5 79. Rxf3 Rg1+ 80. Kf2 Ra1 81. Rb3 Kh4 82. Kg2 Ra2+ 83. Kh1 Rc2 84. Kg1 Rd2 85. Kf1 Rc2 86. Rf3 Rh2 87. Kg1 Rxh3 88. Rxh3+ Kxh3 1/2-1/2


[Site "https://www.chess.com"]

[Event "Titled Tuesday Blitz July 4 Early 2023"]
[White "Nithyalakshmi, Sivanesan"]
[Black "Vovk, Orest"]
[WhiteFideId "5706955"]
[BlackFideId "14113490"]
[WhiteElo "2359"]
[BlackElo "2574"]
[Result "0-1"]
[Round "7"]
[TimeControl "180+2"]
[Date "2023.07.04"]
[WhiteClock "0:00:00"]
[BlackClock "0:00:45"]
[Board "145"]

1. e4 g5 2. d4 g4 3. Qxg4 d5 4. Qf3 dxe4 5. Qxe4 Nf6 6. Qd3 Nc6 7. Nf3 Bg4 8. c3 Qd5 9. Be2 O-O-O 10. h3 Bh5 11. Bf4 Rg8 12. g4 Bg6 13. Qc4 Bxb1 14. Rxb1 Qe4 15. Rd1 Qxf4 16. Qxf7 Bh6 17. Qe6+ Kb8 18. b4 Qd6 19. Qb3 Nd5 20. Bc4 e6 21. a4 Qf4 22. Be2 Qe4 23. Kf1 Nf4 24. Qb2 Rdf8 25. b5 Ne7 26. Re1 Nxe2 0-1


[Site "https://www.chess.com"]

[Event "Titled Tuesday Blitz July 4 Early 2023"]
[White "Moral Garcia, Serafin"]
[Black "Duarte, Leonardo"]
[WhiteFideId "2201925"]
[BlackFideId "110582"]
[WhiteElo "2570"]
[BlackElo "2358"]
[Result "0-1"]
[Round "7"]
[TimeControl "180+2"]
[Date "2023.07.04"]
[WhiteClock "0:00:53"]
[BlackClock "0:00:07"]
[Board "146"]

1. c4 Nf6 2. Nc3 g6 3. g3 Bg7 4. Bg2 d6 5. d3 O-O 6. Nf3 Nc6 7. O-O e5 8. Rb1 a5 9. a3 h6 10. b4 axb4 11. axb4 Be6 12. b5 Ne7 13. Bb2 c6 14. Qb3 Qd7 15. Nd2 Bh3 16. Ra1 Bxg2 17. Kxg2 d5 18. Rxa8 Rxa8 19. Ra1 Rxa1 20. Bxa1 h5 21. Na4 Qc7 22. b6 Qd6 23. c5 Qb8 24. Nc3 Nd7 25. Qb4 Nf5 26. Nb3 h4 27. e4 dxe4 28. dxe4 Nd4 29. Nd1 Ne6 30. Ne3 Bf8 31. Nc4 Ndxc5 32. Bxe5 Qd8 33. Nxc5 Bxc5 34. Qb2 Qd3 35. Nd2 Qe2 36. Nb3 Qxe4+ 37. f3 h3+ 38. Kxh3 Ng5+ 39. Kg2 Qxf3# 0-1


[Site "https://www.chess.com"]

[Event "Titled Tuesday Blitz July 4 Early 2023"]
[White "Fernandez, Michael"]
[Black "ArtemDyachuk"]
[WhiteFideId "5803560"]
[WhiteElo "2352"]
[BlackElo "2552"]
[Result "1-0"]
[Round "7"]
[TimeControl "180+2"]
[Date "2023.07.04"]
[WhiteClock "0:01:02"]
[BlackClock "0:01:03"]
[Board "147"]

1. c4 Nf6 2. g3 e5 3. Bg2 d5 4. cxd5 Nxd5 5. Nc3 Nb6 6. Nf3 Nc6 7. O-O Be7 8. d3 O-O 9. a3 Be6 10. b4 f6 11. Bb2 a5 12. b5 Nd4 13. Nd2 a4 14. Bxb7 Bh3 15. Bxa8 Qxa8 16. e4 Bc5 17. Ne2 Nb3 18. Nxb3 axb3 19. Qxb3+ Kh8 20. Rfc1 Qc8 21. Rxc5 Qg4 22. Qd1 f5 23. Bxe5 fxe4 24. Nf4 Nd7 25. Qxg4 Bxg4 26. d4 Nxc5 27. dxc5 Rf5 28. Bxc7 Rxc5 29. b6 Rb5 30. a4 Rb2 31. a5 Bf3 32. a6 1-0


[Site "https://www.chess.com"]

[Event "Titled Tuesday Blitz July 4 Early 2023"]
[White "Fisabilillah, Ummi"]
[Black "Hajiyev, Kanan"]
[WhiteFideId "7104804"]
[BlackFideId "13404148"]
[WhiteElo "2351"]
[BlackElo "2520"]
[Result "0-1"]
[Round "7"]
[TimeControl "180+2"]
[Date "2023.07.04"]
[WhiteClock "0:01:00"]
[BlackClock "0:02:11"]
[Board "148"]

1. e4 c6 2. d3 d5 3. Nd2 a6 4. Ngf3 Bg4 5. h3 Bh5 6. Be2 e6 7. O-O Nf6 8. Re1 Be7 9. c3 O-O 10. Qc2 c5 11. e5 Nfd7 12. Nf1 Bg6 13. Ng3 c4 14. Qd1 cxd3 15. Bxd3 Nc6 16. Bf4 Qc7 17. Rc1 b5 18. Bf1 Rac8 19. h4 h6 20. h5 Bh7 21. Qd2 Rfd8 22. Ne2 Ncxe5 23. Nxe5 Nxe5 24. Nd4 Bd6 25. Bxh6 gxh6 26. Qxh6 Qe7 27. Re3 Ng4 0-1


[Site "https://www.chess.com"]

[Event "Titled Tuesday Blitz July 4 Early 2023"]
[White "Karamsetty, Jeevan"]
[Black "Korpics, Zsolt"]
[WhiteFideId "2025337"]
[BlackFideId "705241"]
[WhiteElo "2516"]
[BlackElo "2351"]
[Result "1-0"]
[Round "7"]
[TimeControl "180+2"]
[Date "2023.07.04"]
[WhiteClock "0:00:04"]
[BlackClock "0:00:04"]
[Board "149"]

1. d4 Nf6 2. c4 e6 3. Nc3 Bb4 4. Nf3 O-O 5. Bd2 d5 6. cxd5 exd5 7. e3 Bf5 8. Be2 h6 9. O-O Nbd7 10. Rc1 c6 11. a3 Bd6 12. Na4 Ne4 13. Nc3 Ndf6 14. Ne1 h5 15. f4 Nxc3 16. Bxc3 Qe7 17. Bd2 h4 18. Nf3 Ne4 19. Be1 g5 20. fxg5 Nxg5 21. Nxh4 Qxe3+ 22. Kh1 Bh7 23. Rc3 Qe7 24. Nf5 Bxf5 25. Rxf5 f6 26. Bd2 Qh7 27. Rxg5+ fxg5 28. Rh3 Qf5 29. Bd3 Qf6 30. Be3 Rab8 31. Qh5 Qg7 32. Bh7+ Kh8 33. Bf5+ Kg8 34. Be6+ Rf7 35. Bxf7+ Qxf7 36. Qh8# 1-0


[Site "https://www.chess.com"]

[Event "Titled Tuesday Blitz July 4 Early 2023"]
[White "Sovetbekova, Nurai"]
[Black "Ljukin, Sergei"]
[WhiteFideId "13801910"]
[BlackFideId "14102200"]
[WhiteElo "2350"]
[BlackElo "2516"]
[Result "0-1"]
[Round "7"]
[TimeControl "180+2"]
[Date "2023.07.04"]
[WhiteClock "0:00:02"]
[BlackClock "0:00:41"]
[Board "150"]

1. d4 d5 2. c4 c6 3. Nf3 Nf6 4. g3 Bf5 5. Nc3 e6 6. Nh4 Bg4 7. h3 Bh5 8. g4 Ne4 9. Nxe4 dxe4 10. Qb3 Na6 11. Qxb7 Nb4 12. gxh5 Rb8 13. Qxa7 Nc2+ 14. Kd1 Nxa1 15. e3 Be7 16. Ng2 O-O 17. Nf4 c5 18. d5 Bd6 19. Ne2 exd5 20. cxd5 Be5 21. Qxc5 Bxb2 22. Bxb2 Rxb2 23. Nd4 Qf6 24. Qc3 Qxf2 25. Ne2 Rb1+ 26. Nc1 Qf3+ 27. Be2 Qxh1+ 28. Kd2 Qxc1+ 29. Qxc1 Rxc1 0-1


[Site "https://www.chess.com"]

[Event "Titled Tuesday Blitz July 4 Early 2023"]
[White "Turzo, Attila"]
[Black "Rabineau, Clement"]
[WhiteFideId "704954"]
[BlackFideId "628891"]
[WhiteElo "2515"]
[BlackElo "2349"]
[Result "1-0"]
[Round "7"]
[TimeControl "180+2"]
[Date "2023.07.04"]
[WhiteClock "0:01:34"]
[BlackClock "0:00:00"]
[Board "151"]

1. d4 d6 2. Nf3 g6 3. g3 Bg7 4. Bg2 f5 5. O-O Nf6 6. c4 O-O 7. b3 Nc6 8. Bb2 e5 9. dxe5 Ng4 10. Nbd2 Ngxe5 11. Qc2 Qe7 12. Rad1 Be6 13. Rfe1 h6 14. Qb1 Kh7 15. Qa1 Qf7 16. Nd4 Bd7 17. Nb5 Be6 18. Nf3 a6 19. Nc3 Nb4 20. Nd4 Bc8 21. a3 Nbc6 22. Nd5 Nxd4 23. Bxd4 Be6 24. Nf4 c6 25. Qb1 Bd7 26. Bb6 Qf6 27. e4 g5 28. Nh5 Qg6 29. Nxg7 Qxg7 30. Rxd6 fxe4 31. Bxe4+ Kh8 32. Bd4 Rae8 33. Bg6 Re6 34. Rxe6 Bxe6 35. Bxe5 1-0


[Site "https://www.chess.com"]

[Event "Titled Tuesday Blitz July 4 Early 2023"]
[White "only_strong_moves"]
[Black "Dwilewicz, Katarzyna"]
[BlackFideId "1148486"]
[WhiteElo "2515"]
[BlackElo "2338"]
[Result "1-0"]
[Round "7"]
[TimeControl "180+2"]
[Date "2023.07.04"]
[WhiteClock "0:01:19"]
[BlackClock "0:00:00"]
[Board "152"]

1. d4 d5 2. c4 dxc4 3. e3 Nf6 4. Bxc4 e6 5. Nf3 c5 6. O-O a6 7. Nc3 Nc6 8. dxc5 Qxd1 9. Rxd1 Bxc5 10. Nd2 b5 11. Be2 Bb7 12. Nb3 Bb6 13. Bf3 Ke7 14. a4 b4 15. a5 Ba7 16. Na4 Rhd8 17. Bd2 Nd5 18. Rac1 Rac8 19. Nac5 Bxc5 20. Rxc5 Ne5 21. Bxd5 Rxd5 22. Rxd5 Bxd5 23. Bxb4+ Ke8 24. Nc5 Rc6 25. e4 Bc4 26. f4 Ng6 27. Nb7 f6 28. Nd6+ Rxd6 29. Rxd6 Nxf4 30. Rb6 Nd3 31. Bc3 Nc5 32. Rc6 Nxe4 33. Rxc4 1-0


[Site "https://www.chess.com"]

[Event "Titled Tuesday Blitz July 4 Early 2023"]
[White "David, Bogdan-Emanuel"]
[Black "Rudzinska, Michalina"]
[WhiteFideId "1229907"]
[BlackFideId "1172883"]
[WhiteElo "2513"]
[BlackElo "2338"]
[Result "1-0"]
[Round "7"]
[TimeControl "180+2"]
[Date "2023.07.04"]
[WhiteClock "0:00:08"]
[BlackClock "0:00:00"]
[Board "153"]

1. e4 c5 2. Nc3 e6 3. Nf3 a6 4. g3 b5 5. Bg2 Bb7 6. d4 cxd4 7. Nxd4 Nf6 8. O-O b4 9. e5 Bxg2 10. Kxg2 bxc3 11. exf6 Qxf6 12. bxc3 Bc5 13. Nb3 Be7 14. c4 Nc6 15. Rb1 Rd8 16. Bb2 Qg6 17. Re1 d5 18. cxd5 Rxd5 19. Qe2 O-O 20. Qxa6 Nb4 21. Qb7 Re8 22. c4 Rh5 23. Qe4 Qh6 24. Rh1 Bf6 25. a3 Bxb2 26. Rxb2 Qf6 27. Rc2 Nxc2 28. Qxc2 e5 29. Qe4 Qe7 30. c5 Rh6 31. Rd1 Qe6 32. Rd5 Qh3+ 33. Kf3 f5 34. Qc4 Qh5+ 35. Ke3 f4+ 36. Kd2 Qf7 37. h4 e4 38. Rd4 e3+ 39. fxe3 fxe3+ 40. Ke2 Rhe6 41. Rf4 Qd7 42. Nd4 Qb7 43. Nxe6 Qg2+ 44. Kxe3 Qxg3+ 45. Kd2 Qg2+ 46. Kc3 Qg3+ 47. Kc2 Qg2+ 48. Kc1 Qg1+ 49. Rf1 Qe3+ 50. Kc2 Rxe6 51. Rd1 Qf2+ 52. Rd2 Qf5+ 53. Kc3 Qf6+ 54. Kb4 Qe7 55. Rd6 Qb7+ 56. Rb6 1-0


[Site "https://www.chess.com"]

[Event "Titled Tuesday Blitz July 4 Early 2023"]
[White "Vifleemskaia, Svetlana"]
[Black "gueraumasague"]
[WhiteFideId "4129490"]
[WhiteElo "2321"]
[BlackElo "2513"]
[Result "0-1"]
[Round "7"]
[TimeControl "180+2"]
[Date "2023.07.04"]
[WhiteClock "0:00:00"]
[BlackClock "0:00:20"]
[Board "154"]

1. d4 g6 2. c4 Bg7 3. e4 d6 4. Nc3 Nc6 5. Be3 e5 6. d5 Nd4 7. Nge2 Nxe2 8. Bxe2 f5 9. exf5 gxf5 10. f4 e4 11. O-O Nf6 12. Bh5+ Kf8 13. Kh1 Bd7 14. Rc1 b6 15. Rg1 Nxh5 16. Qxh5 Qe8 17. Qxe8+ Kxe8 18. h3 h5 19. g3 Ke7 20. Rc2 Bf6 21. Ne2 Rhg8 22. Bd4 a5 23. Bxf6+ Kxf6 24. Nd4 Rae8 25. Re2 e3 26. Nc2 Re4 27. b3 h4 28. Kh2 Rge8 29. Rge1 Rg8 30. Rg1 b5 31. Rxe3 bxc4 32. Rxe4 fxe4 33. bxc4 hxg3+ 34. Rxg3 Rh8 35. Ne3 Rh4 36. Ng2 Rh8 37. Ne3 Rb8 38. Rg2 Rb1 39. Kg3 a4 40. Rc2 Re1 41. Ng2 Rh1 42. h4 Rh3+ 43. Kf2 Kf5 44. c5 Bb5 45. cxd6 cxd6 0-1


[Site "https://www.chess.com"]

[Event "Titled Tuesday Blitz July 4 Early 2023"]
[White "Novikov, Evgenij"]
[Black "Shapiro, Daniel"]
[WhiteFideId "4125380"]
[BlackFideId "2001780"]
[WhiteElo "2509"]
[BlackElo "2330"]
[Result "1-0"]
[Round "7"]
[TimeControl "180+2"]
[Date "2023.07.04"]
[WhiteClock "0:00:34"]
[BlackClock "0:00:00"]
[Board "155"]

1. c4 e5 2. Nc3 Nf6 3. Nf3 Nc6 4. e4 Bc5 5. Be2 d6 6. d3 h6 7. O-O a6 8. Be3 Be6 9. Kh1 O-O 10. Bxc5 dxc5 11. Nd5 Ne8 12. a3 f5 13. b4 cxb4 14. axb4 Qd7 15. b5 Bxd5 16. exd5 Nd4 17. Nxe5 Qd6 18. f4 Nf6 19. bxa6 Rxa6 20. Rxa6 Qxa6 21. Bh5 Nxh5 22. Qxh5 Qa2 23. Ng6 Ra8 24. Ne7+ Kh8 25. Nxf5 Qa1 26. Ng3 Ra2 27. Qe8+ Kh7 28. Qe4+ Kh8 29. h3 Qb2 30. f5 Nc2 31. f6 1-0


[Site "https://www.chess.com"]

[Event "Titled Tuesday Blitz July 4 Early 2023"]
[White "Cardozo Munar, Carlos Eduardo"]
[Black "Herzog2012"]
[WhiteFideId "4409477"]
[WhiteElo "2319"]
[BlackElo "2478"]
[Result "1-0"]
[Round "7"]
[TimeControl "180+2"]
[Date "2023.07.04"]
[WhiteClock "0:00:25"]
[BlackClock "0:00:01"]
[Board "156"]

1. d4 Nf6 2. Bg5 e6 3. e4 h6 4. Bxf6 Qxf6 5. c3 c5 6. Nf3 cxd4 7. cxd4 Bb4+ 8. Nc3 Qg6 9. Bd3 O-O 10. O-O Nc6 11. e5 Qh5 12. Ne4 f5 13. exf6 gxf6 14. a3 Be7 15. Rc1 d5 16. Ng3 Qf7 17. Qd2 Kg7 18. Rfe1 f5 19. Rxc6 bxc6 20. Ne5 Qe8 21. Qf4 Bg5 22. Qf3 Kh7 23. b4 a5 24. Qe2 axb4 25. axb4 Rb8 26. Nf3 Qf7 27. h4 Bf6 28. Qd2 Qg7 29. Nh5 Qf7 30. Nxf6+ Qxf6 31. Qc3 Bd7 32. Ne5 Be8 33. Nxc6 Rc8 34. b5 Bxc6 35. bxc6 Rc7 36. Qc2 Qxd4 37. Rxe6 Qxh4 38. Bxf5+ Kh8 39. g3 Qg5 40. Qc3+ Qg7 41. Rxh6+ Kg8 42. Be6+ Rff7 43. Qd2 Kf8 44. Bxf7 Qxf7 45. Rh8+ Ke7 46. Qb4+ Ke6 47. Rh6+ Kf5 48. Qf4# 1-0


[Site "https://www.chess.com"]

[Event "Titled Tuesday Blitz July 4 Early 2023"]
[White "Acikel, Mert"]
[Black "Garcia Almaguer, Juan Manuel"]
[WhiteFideId "12956465"]
[BlackFideId "5110491"]
[WhiteElo "2308"]
[BlackElo "2451"]
[Result "0-1"]
[Round "7"]
[TimeControl "180+2"]
[Date "2023.07.04"]
[WhiteClock "0:00:26"]
[BlackClock "0:01:15"]
[Board "157"]

1. e4 e5 2. Nf3 Nc6 3. Bc4 Nf6 4. d3 h6 5. c3 a6 6. O-O g5 7. a4 d6 8. Nbd2 g4 9. Ne1 Bg7 10. Nc2 Be6 11. Ne3 d5 12. exd5 Nxd5 13. Nxd5 Bxd5 14. Qe2 h5 15. Re1 Qd7 16. Bxd5 Qxd5 17. Nc4 O-O-O 18. Rd1 f5 19. Bg5 Rd7 20. b4 h4 21. b5 Nb8 22. Rab1 h3 23. Ne3 Qf7 24. g3 Qg6 25. Bh4 Bh6 26. Nc4 Re8 27. Nxe5 Qe6 28. d4 Qd5 29. Qf1 Rd6 30. c4 Qe4 31. c5 Rxd4 32. Rd2 0-1


[Site "https://www.chess.com"]

[Event "Titled Tuesday Blitz July 4 Early 2023"]
[White "Torres Hernandez, Leslie Carolin"]
[Black "LangesNasenhaar"]
[WhiteFideId "8400504"]
[WhiteElo "2306"]
[BlackElo "2450"]
[Result "1-0"]
[Round "7"]
[TimeControl "180+2"]
[Date "2023.07.04"]
[WhiteClock "0:00:05"]
[BlackClock "0:00:03"]
[Board "158"]

1. e4 d6 2. d4 Nf6 3. Nc3 e5 4. Nf3 Nbd7 5. Bc4 Be7 6. O-O c6 7. dxe5 dxe5 8. Re1 Qc7 9. a4 h6 10. Nh4 g6 11. Qf3 Nf8 12. h3 Be6 13. Bf1 a5 14. Be3 Nh5 15. Nf5 Bb4 16. Nxh6 Nf4 17. Ng4 Bxg4 18. Qxg4 Bxc3 19. bxc3 N8e6 20. Rab1 Qe7 21. g3 Nh5 22. h4 Nf6 23. Qf3 Rd8 24. Bb6 Rd7 25. Bxa5 O-O 26. Bb6 Nh5 27. Be3 Neg7 28. Bc4 Kh7 29. Rbd1 f5 30. Rxd7 Qxd7 31. exf5 gxf5 32. Bc5 Rf6 33. Rd1 Qc7 34. Qd3 Rg6 35. Qd7 Qa5 36. Bb4 Qxa4 37. Bf7 Rg4 38. Bxh5 Rxg3+ 39. fxg3 Qxc2 40. Bf8 Kh6 41. Qxg7+ Kxh5 42. Qg5# 1-0


[Site "https://www.chess.com"]

[Event "Titled Tuesday Blitz July 4 Early 2023"]
[White "Sukandar, Irine Kharisma"]
[Black "Vaglio Munoz, Jaime"]
[WhiteFideId "7101937"]
[BlackFideId "6500145"]
[WhiteElo "2448"]
[BlackElo "2305"]
[Result "1-0"]
[Round "7"]
[TimeControl "180+2"]
[Date "2023.07.04"]
[WhiteClock "0:00:04"]
[BlackClock "0:00:01"]
[Board "159"]

1. d4 c6 2. c4 b5 3. cxb5 cxb5 4. Nf3 Bb7 5. e3 a6 6. a4 b4 7. b3 e6 8. Be2 Nf6 9. O-O Be7 10. Nbd2 O-O 11. Bb2 d6 12. Rc1 Nbd7 13. Re1 h6 14. Bd3 Qa5 15. e4 Rfc8 16. Nc4 Qd8 17. e5 dxe5 18. dxe5 Nd5 19. Bb1 Nf8 20. Qd4 Ng6 21. Rcd1 Bc5 22. Qg4 Nf8 23. Nd6 Rc7 24. Ne4 Kh8 25. Nxc5 Rxc5 26. Qh5 Qc7 27. Ng5 Kg8 28. Ne4 Nf4 29. Qg4 Bxe4 30. Bxe4 Rc8 31. Qxf4 Qe7 32. Bb1 Qg5 33. Qxb4 Ng6 34. Qd2 Qh5 35. Bxg6 Qxg6 36. Qd3 Qh5 37. Qxa6 Rc2 38. Ba3 Qf5 39. Qb6 Kh7 40. a5 Ra2 41. Bb4 Rcc2 42. Rf1 Qxe5 43. a6 Qe2 44. a7 Ra6 45. Qd4 Rca2 46. Bc5 e5 47. Qd3+ Qxd3 48. Rxd3 f5 49. Rd7 e4 50. b4 Kg6 51. b5 R6a5 52. Rb7 Rc2 53. Be3 Rb2 54. b6 Kf6 55. Bd4+ Ke6 56. Bxb2 f4 57. Rb8 Kf5 58. a8=Q g5 59. Qxa5+ Kg4 60. h3+ Kh5 61. g4+ Kh4 62. f3 e3 63. Rh8 Kg3 64. Rxh6 e2 65. Qe1# 1-0


[Site "https://www.chess.com"]

[Event "Titled Tuesday Blitz July 4 Early 2023"]
[White "Toncheva, Nadya"]
[Black "Coelho, Ramyres Santana"]
[WhiteFideId "2924056"]
[BlackFideId "2120690"]
[WhiteElo "2448"]
[BlackElo "2301"]
[Result "1-0"]
[Round "7"]
[TimeControl "180+2"]
[Date "2023.07.04"]
[WhiteClock "0:01:28"]
[BlackClock "0:01:37"]
[Board "160"]

1. e4 c5 2. Nf3 d6 3. c3 Nc6 4. d4 cxd4 5. cxd4 Nf6 6. Be2 e6 7. Nc3 Be7 8. O-O O-O 9. h3 b6 10. Be3 Bb7 11. Qd2 Rc8 12. Rfd1 Na5 13. e5 dxe5 14. Nxe5 Ne4 15. Nxe4 Bxe4 16. f3 Bb7 17. Bd3 f6 18. Ng4 Nc4 19. Qe2 Nxe3 20. Qxe3 h5 21. Qxe6+ Kh8 22. Qf5 Qxd4+ 23. Kh1 Kg8 24. Nh6+ gxh6 25. Qh7# 1-0


[Site "https://www.chess.com"]

[Event "Titled Tuesday Blitz July 4 Early 2023"]
[White "Legenia, Artem"]
[Black "Gomez Barrera, Javiera Belen"]
[WhiteFideId "14136945"]
[BlackFideId "3418723"]
[WhiteElo "2293"]
[BlackElo "2444"]
[Result "0-1"]
[Round "7"]
[TimeControl "180+2"]
[Date "2023.07.04"]
[WhiteClock "0:00:51"]
[BlackClock "0:00:46"]
[Board "161"]

1. d4 Nf6 2. Nf3 e6 3. Bf4 d5 4. e3 c5 5. c3 Nc6 6. Bd3 Bd6 7. Bxd6 Qxd6 8. O-O e5 9. dxe5 Nxe5 10. Nxe5 Qxe5 11. Nd2 O-O 12. h3 Be6 13. Nf3 Qh5 14. Nd2 Qh6 15. Qf3 Rad8 16. Rad1 Rfe8 17. Rfe1 Qh5 18. Qxh5 Nxh5 19. Nf3 h6 20. Bc2 Nf6 21. Rd2 Kf8 22. Red1 Rc8 23. Bb3 b5 24. Bc2 Ke7 25. Re1 Red8 26. a3 Ne4 27. Rdd1 Nd6 28. b3 a5 29. Ne5 Kf6 30. f4 Ne4 31. Bxe4 dxe4 32. Rxd8 Rxd8 33. Nc6 Rd3 34. Nxa5 Rxc3 35. Kf2 Bxb3 36. Rb1 c4 37. Nc6 Ba4 38. Nd4 Rxa3 39. Nxb5 Rb3 40. Rxb3 cxb3 41. Nc3 b2 42. Nxe4+ Ke7 43. Nc3 Bc2 44. Ke1 b1=Q+ 45. Nxb1 Bxb1 46. Kd2 Ke6 47. Kc3 Kd5 48. g3 Ke4 0-1


[Site "https://www.chess.com"]

[Event "Titled Tuesday Blitz July 4 Early 2023"]
[White "Zaksaite, Salomeja"]
[Black "Manukian, Artak"]
[WhiteFideId "12801496"]
[BlackFideId "13301373"]
[WhiteElo "2292"]
[BlackElo "2440"]
[Result "1-0"]
[Round "7"]
[TimeControl "180+2"]
[Date "2023.07.04"]
[WhiteClock "0:00:06"]
[BlackClock "0:00:00"]
[Board "162"]

1. d4 d5 2. Nc3 c6 3. Bf4 Bf5 4. e3 e6 5. Nf3 Bd6 6. Ne5 Nf6 7. f3 O-O 8. g4 Bg6 9. h4 h5 10. Nxg6 fxg6 11. Bxd6 Qxd6 12. g5 Nfd7 13. f4 c5 14. Bh3 Kh7 15. O-O a6 16. Qd2 Nc6 17. dxc5 Nxc5 18. e4 d4 19. e5 Qc7 20. Ne2 Qb6 21. Ng3 Rad8 22. Kh2 d3 23. c3 Na5 24. b3 Nc6 25. Rad1 Rd7 26. Qe3 Rfd8 27. Ne4 Na4 28. Qxb6 Nxb6 29. Nc5 Re7 30. Nxe6 1-0


[Site "https://www.chess.com"]

[Event "Titled Tuesday Blitz July 4 Early 2023"]
[White "Omariev, Maksim"]
[Black "Kostiukov, Alexandr"]
[WhiteFideId "4193423"]
[BlackFideId "14108100"]
[WhiteElo "2426"]
[BlackElo "2290"]
[Result "1-0"]
[Round "7"]
[TimeControl "180+2"]
[Date "2023.07.04"]
[WhiteClock "0:00:27"]
[BlackClock "0:00:00"]
[Board "163"]

1. g4 h5 2. g5 g6 3. b4 Bg7 4. Nc3 d5 5. h4 d4 6. Ne4 e5 7. Bg2 Nc6 8. b5 Nce7 9. a4 Nd5 10. e3 Nge7 11. Ne2 O-O 12. Ba3 Bf5 13. N2g3 Bg4 14. Qb1 Re8 15. Qb3 b6 16. c4 dxc3 17. Nxc3 Be6 18. Nxd5 Nxd5 19. Qc2 Rc8 20. Rc1 Kh7 21. Nxh5 Bf5 22. Be4 Bxe4 23. Qxe4 Qd7 24. Nxg7 Kxg7 25. h5 Re6 26. hxg6 1-0


[Site "https://www.chess.com"]

[Event "Titled Tuesday Blitz July 4 Early 2023"]
[White "Biriukov, Ilja"]
[Black "Herman, Daniel"]
[WhiteFideId "4113373"]
[BlackFideId "30935008"]
[WhiteElo "2286"]
[BlackElo "2425"]
[Result "0-1"]
[Round "7"]
[TimeControl "180+2"]
[Date "2023.07.04"]
[WhiteClock "0:00:06"]
[BlackClock "0:00:06"]
[Board "164"]

1. c4 e5 2. Nc3 Bb4 3. Nd5 Be7 4. d3 Nf6 5. Nxe7 Qxe7 6. e4 O-O 7. g3 c6 8. Bg2 d5 9. Ne2 dxe4 10. dxe4 Rd8 11. Qc2 Na6 12. a3 Nc5 13. O-O a5 14. b3 a4 15. b4 Nb3 16. Rb1 Nxc1 17. Rbxc1 Bg4 18. f3 Bh5 19. Rfd1 h6 20. Rxd8+ Rxd8 21. Rd1 b5 22. c5 Bg6 23. Rd2 Kh7 24. Qd1 Rd7 25. Nc3 Bh5 26. Kf2 Rxd2+ 27. Qxd2 Qe6 28. Bf1 Qb3 29. Qc1 Ne8 30. g4 Bg6 31. Bxb5 cxb5 32. Nxb5 Qd3 33. Qf1 Qc2+ 34. Qe2 Qc1 35. Na7 Qh1 36. Ke3 Nc7 37. b5 Qc1+ 38. Kd3 Qxc5 39. Qe3 Qxa3+ 40. Ke2 Qb2+ 41. Kd1 Nxb5 42. Nxb5 Qxb5 43. h4 Qb3+ 44. Qxb3 axb3 45. Kc1 f6 46. Kb2 Bf7 0-1


[Site "https://www.chess.com"]

[Event "Titled Tuesday Blitz July 4 Early 2023"]
[White "Kuchava, Ana"]
[Black "Mickiewicz, Piotr"]
[WhiteFideId "13605348"]
[BlackFideId "1114891"]
[WhiteElo "2282"]
[BlackElo "2425"]
[Result "0-1"]
[Round "7"]
[TimeControl "180+2"]
[Date "2023.07.04"]
[WhiteClock "0:00:20"]
[BlackClock "0:01:07"]
[Board "165"]

1. d4 Nf6 2. Nf3 g6 3. c4 Bg7 4. Nc3 O-O 5. e4 d6 6. Be2 c5 7. d5 e6 8. O-O exd5 9. cxd5 a6 10. a4 Bg4 11. Nd2 Bxe2 12. Qxe2 Nbd7 13. Nc4 Nb6 14. Bf4 Nxc4 15. Qxc4 Re8 16. f3 Nd7 17. a5 Bd4+ 18. Kh1 b5 19. axb6 Qxb6 20. b3 Ne5 21. Bxe5 Rxe5 22. Ra3 Qb4 23. Ne2 Qxa3 24. Nxd4 cxd4 25. Qxd4 Rc8 26. f4 Rc1 27. Kg1 Rxe4 28. Qxe4 Qc5+ 0-1


[Site "https://www.chess.com"]

[Event "Titled Tuesday Blitz July 4 Early 2023"]
[White "rionelG"]
[Black "Hoffmann, Asa"]
[BlackFideId "2001470"]
[WhiteElo "2279"]
[BlackElo "2420"]
[Result "0-1"]
[Round "7"]
[TimeControl "180+2"]
[Date "2023.07.04"]
[WhiteClock "0:01:06"]
[BlackClock "0:02:06"]
[Board "166"]

1. e4 d6 2. d4 Nf6 3. Nc3 c6 4. Nf3 Bg4 5. Be2 e6 6. h3 Bh5 7. O-O d5 8. e5 Nfd7 9. Be3 c5 10. dxc5 Bxc5 11. Bxc5 Nxc5 12. Nb5 O-O 13. c4 Nc6 14. cxd5 exd5 15. Nfd4 Bxe2 16. Qxe2 Re8 17. f4 a6 18. Nxc6 bxc6 19. Nd6 Qxd6 0-1


[Site "https://www.chess.com"]